 Dungeon Crawl Stone Soup version 0.25.1-2-g60ff931df9 (webtiles) character file.

Game seed: 17920254162861670918

104 DogServant the Ducker (level 4, -8/33 HPs)
             Began as a Merfolk Gladiator on Oct 16, 2020.
             Was an Initiate of Okawaru.
             Mangled by Crazy Yiuf
             ... wielding a +2 quarterstaff of chaos
              (12 damage)
             ... on level 2 of the Dungeon.
             The game lasted 00:02:42 (2261 turns).

DogServant the Ducker (Merfolk Gladiator)           Turns: 2261, Time: 00:02:42

Health: -8/33      AC:  4    Str: 14    XL:     4   Next: 80%
Magic:  4/4        EV: 15    Int:  7    God:    Okawaru [......]
Gold:   71         SH:  0    Dex: 16    Spells: 3/3 levels left

rFire    . . .     SeeInvis .   a - +0 long sword
rCold    . . .     Gourm    .   (no shield)
rNeg     . . .     Faith    .   b - +0 leather armour
rPois    .         Spirit   .   c - +0 helmet
rElec    .         Reflect  .   (no cloak)
rCorr    .         Harm     .   (no gloves)
MR       .....                  (no boots)
Stlth    +.........             (no amulet)
HPRegen  0.11/turn              (no ring)
MPRegen  0.09/turn              (no ring)

@: lightly drained
A: change form in water, swift swim, stealthy swim
a: Renounce Religion


You were on level 2 of the Dungeon.
You worshipped Okawaru.
Okawaru was noncommittal.
You were not hungry.

You visited 1 branch of the dungeon, and saw 2 of its levels.

You collected 71 gold pieces.

Inventory:

Hand Weapons
 a - a +0 long sword (weapon)
Missiles
 d - 2 throwing nets (quivered)
 l - 7 atropa-tipped darts
Armour
 b - a +0 leather armour (worn)
 c - a +0 helmet (worn)
Scrolls
 h - a scroll of magic mapping {unknown}
 i - a scroll of identify {unknown}
 j - a scroll of enchant armour {unknown}
 n - 2 scrolls of teleportation {unknown}
Potions
 e - a potion of flight {unknown}
 g - a potion of haste {unknown}
 k - a potion of stabbing {unknown}
 o - a potion of mutation {unknown}
Comestibles
 f - 5 rations


   Skills:
 + Level 2.2(2.0) Fighting
 + Level 4.7(4.4) Long Blades
 - Level 2.0(1.7) Throwing
 + Level 5.7(5.4) Dodging


You had 3 spell levels left.
You didn't know any spells.
Your spell library was empty.

Dungeon Overview and Level Annotations

Branches:
Dungeon (2/15)

Altars:
Makhleb
Okawaru
Qazlal
Ru
Trog

Annotations:
D:2 Crazy Yiuf


Message History

Crazy Yiuf is heavily wounded.
Crazy Yiuf drinks a potion.
Crazy Yiuf is healed!
You barely miss Crazy Yiuf.
Crazy Yiuf hits you with a +2 quarterstaff of chaos.
You slash Crazy Yiuf!
Crazy Yiuf is moderately wounded.
Crazy Yiuf hits you with a +2 quarterstaff of chaos!
* * * LOW HITPOINT WARNING * * *
Crazy Yiuf draws strength from your wounds!
You closely miss Crazy Yiuf.
Crazy Yiuf says, "Crazy?
Crazy!?
PORCUPINE!"
Crazy Yiuf hits you with a +2 quarterstaff of chaos.
* * * LOW HITPOINT WARNING * * *
Your leather armour prevents you from hitting Crazy Yiuf.
Crazy Yiuf misses you.
You hit Crazy Yiuf.
Crazy Yiuf is lightly wounded.
Crazy Yiuf says, "Blight snail ena!"
Crazy Yiuf hits you with a +2 quarterstaff of chaos!
You die...

###.....############.#.###....
#.##### ####...###..#. #.#
#...........#. #.#
#####...#..... #.# #.....#.##
#.######## #..#.##.##
#.#..P.#.### ### ##...##...
#....P..#..##...# #..#.####.
#.....P####@g...# #....# #.
##...P## ###..)# ####.# #.
###### ### #.# #. #.# #.
####.# ## #.)..# #.#### #.#
##### #.# #....


You could see Crazy Yiuf.

Vanquished Creatures
  Jessica (D:2)
  3 adders (D:2)
  An ooze (D:2)
  2 worms (D:2)
  2 dart slugs
  An orc (D:2)
  2 giant cockroaches (D:2)
  3 hobgoblins (D:2)
  6 jackals
  A quokka (D:2)
  4 bats
  2 frilled lizards (D:2)
  5 goblins (D:2)
  4 kobolds
  2 rats (D:1)
39 creatures vanquished.

Notes
Turn   | Place    | Note
-------+----------+-------------------------------------------
     0 | D:1      | DogServant the Merfolk Gladiator began the quest for the
                  | Orb.
     0 | D:1      | Reached XP level 1. HP: 16/16 MP: 1/1
   530 | D:1      | Reached XP level 2. HP: 18/22 MP: 2/2
   988 | D:2      | Reached XP level 3. HP: 19/27 MP: 3/3
  1206 | D:2      | Reached skill level 5 in Dodging
  1411 | D:2      | Found a bloodstained altar of Trog.
  1417 | D:2      | Found an iron altar of Okawaru.
  1418 | D:2      | Found a burning altar of Makhleb.
  1422 | D:2      | Became a worshipper of Warmaster Okawaru
  1684 | D:2      | Found a sacrificial altar of Ru.
  1684 | D:2      | Noticed Jessica
  1690 | D:2      | Killed Jessica
  1690 | D:2      | Reached XP level 4. HP: 33/33 MP: 4/4
  2049 | D:2      | Found a stormy altar of Qazlal.
  2051 | D:2      | Noticed a water elemental
  2052 | D:2      | Noticed a fire elemental
  2052 | D:2      | Noticed an air elemental
  2052 | D:2      | Noticed an earth elemental
  2092 | D:2      | Found a runed translucent door.
  2093 | D:2      | Noticed Crazy Yiuf
  2261 | D:2      | Mangled by Crazy Yiuf

Illustrated notes

Levels and vault maps discovered:
D:1:      lightli_arrival_quake, layout_loops_corners, minmay_strange_pillars
D:2:      layout_loops_cross, nicolae_ru_awakened_eye, minitemple, first_ration,
          nicolae_qazlal_style_of_elements, uniq_crazy_yiuf_cottage,
          uniq_jessica

Skill      XL: |  1  2  3 |
---------------+----------+-----
Long Blades    | 4 |  4.7
Dodging        | 5 |  5.7
Fighting       | |  2.2
Throwing       | |  2.0

Action                   |  1- 3 |  4- 6 || total
-------------------------+-------+-------++-------
Melee: Long sword        |    85 |    38 ||   123
Throw: Throwing net      |     1 |       ||     1
 Stab: Sleeping          |     2 |     2 ||     4
       Held in net/web   |     3 |       ||     3
  Eat: Chunk             |     3 |     1 ||     4
Armor: Leather armour    |    17 |     5 ||    22
Dodge: Dodged            |    68 |    34 ||   102
       Rpst.: Long sword |    23 |    10 ||    33
